 Dungeon Crawl Stone Soup version 0.28-a0-823-gb444dcf96d (webtiles) character file.

Game seed: 8459564379607350462

216 Crownlay the Ruffian (level 5, -1/46 HPs)
             Began as a Ghoul Gladiator on Nov 9, 2021.
             Was an Initiate of Gozag.
             Slain by Menkaure (13 damage)
             ... on level 4 of the Dungeon.
             The game lasted 00:03:37 (3398 turns).

Crownlay the Ruffian (Ghoul Gladiator)              Turns: 3398, Time: 00:03:38

Health: -1/46      AC:  4    Str: 19    XL:     5   Next: 93%
Magic:  4/4        EV: 12    Int:  3    God:    Gozag
Gold:   245        SH:  0    Dex: 10    Spells: 4/4 levels left

rFire   . . .      SeeInvis .     - Unarmed
rCold   + . .      Faith    .   (no shield)
rNeg    + + +      Spirit   .   a - +0 leather armour
rPois   ∞          Reflect  .   b - +0 helmet
rElec   .          Harm     .   (no cloak)
rCorr   .          Rampage  .   (no gloves)
Will    .....                   (no boots)
Stlth   +.........              (no amulet)
HPRegen 0.00/turn               (no ring)
MPRegen 0.09/turn               (no ring)

@: gold aura, inhibited regen
A: claws 1, cold resistance 1, negative energy resistance 3, inhibited
regeneration, torment resistance 2
a: Renounce Religion, Potion Petition, Call Merchant, Bribe Branch


You were on level 4 of the Dungeon.
You worshipped Gozag.
Gozag was aware of your devotion.
You visited 1 branch of the dungeon, and saw 4 of its levels.

You collected 245 gold pieces.

Inventory:

Armour
 a - a +0 leather armour (worn)
 b - a +0 helmet (worn)
Scrolls
 d - a scroll of teleportation {unknown}
 e - a scroll of enchant armour {unknown}
 g - 3 scrolls of identify {unknown}
 i - a scroll of noise {unknown}
Potions
 f - a potion of curing {unknown}
 h - a potion of might {unknown}
 j - 2 potions of lignification {unknown}
 k - a potion of haste {unknown}


   Skills:
 + Level 4.1 Fighting
 - Level 1.7 Throwing
 - Level 2.6 Dodging
 * Level 6.1 Unarmed Combat


You had 4 spell levels left.
You didn't know any spells.
Your spell library contained the following spells:

 Spells                   Type           Power      Damage    Failure   Level
 Scorch                   Fire           0%         2d5       73%         2
 Flame Wave               Conj/Fire      0%         3d3       100%        4
 Summon Cactus Giant      Summ           0%         N/A       100%        6


Dungeon Overview and Level Annotations

Branches:
Dungeon (4/15)
 Temple: D:4-7

Altars:
Gozag

Annotations:
D:4 Menkaure


Innate Abilities, Weirdness & Mutations

You thrive by killing the living.
You are immune to poison.
You have sharp fingernails.
Your flesh is cold resistant. (rC+)
You are immune to negative energy. (rN+++)
You do not regenerate when monsters are visible.
You are immune to unholy pain and torment.


Message History

Menkaure gestures wildly while chanting.
Menkaure seems to speed up.
There is a stone staircase leading up here.
An adder comes into view.
The adder hisses angrily.
The endoplasm barely misses you.
You claw the endoplasm!
You kill the endoplasm!
A goblin comes into view. It is wielding a +0 dagger.
Menkaure hits you! Menkaure hits you!!
* * * LOW HITPOINT WARNING * * *
Throw: throwing net
Press: ? - help, Q - select action, (/) - cycle Shift-Dir - straight line, f - Menkaure
Aim: Menkaure (fast, 73% to hit)
You throw a throwing net. The throwing net hits Menkaure.
Menkaure is caught in the net!
The adder barely misses you.
Menkaure struggles against the net.
You are too injured to fight recklessly!
You are too injured to fight recklessly!
You are too injured to fight recklessly!
You are too injured to fight recklessly!
You are too injured to fight recklessly!
You are too injured to fight recklessly!
You miss the adder. The adder misses you.
Menkaure struggles against the net.
You completely miss the adder. The adder bites you.
* * * LOW HITPOINT WARNING * * *
Menkaure struggles against the net.
The goblin is distracted by your dazzling golden aura.
You miss the adder. The adder closely misses you.
Menkaure struggles against the net.
You miss the adder. The adder barely misses you.
Menkaure struggles against the net.
The net rips apart, and Menkaure comes free!
The adder closely misses you.
The goblin shouts!
You claw the adder!
The adder is almost dead.
Menkaure hits you!
You die...
Your body crumbles into a pile of gold.

.......... ..
♣.....#. ## ..
♣..)$. #.##.
♣....# # ....
♣....#.# ...
♣....#.#
#.♣♣♣♣♣......#
#M$♣♣.......(#
#.@.....>....###
#.S.............
##.##......#.###
#.##.<....#(#
#g##......#.#
..........# $
...........>#
#.###.###..### #
#.. ..#


You could see Menkaure (fast), an adder and a goblin.

Vanquished Creatures
  Edmund (D:3)
  An orc wizard (D:3)
  An adder (D:3)
  A worm (D:2)
  2 dart slugs (D:1)
  3 orcs (D:3)
  6 ball pythons
  4 bats (D:1)
  8 endoplasms
  3 giant cockroaches (D:1)
  4 goblins
  6 hobgoblins
  6 kobolds
  3 quokkas
  4 frilled lizards
  5 rats
58 creatures vanquished.

Notes
Turn   | Place    | Note
-------+----------+-------------------------------------------
     0 | D:1      | Crownlay the Ghoul Gladiator began the quest for the Orb.
     0 | D:1      | Reached XP level 1. HP: 17/17 MP: 0/0
   190 | D:1      | Reached XP level 2. HP: 25/25 MP: 1/1
   355 | D:1      | Reached skill level 4 in Unarmed Combat
   539 | D:1      | Reached XP level 3. HP: 30/30 MP: 2/2
  1567 | D:2      | Found a faded altar of an unknown god.
  1646 | D:2      | Prayed at the altar of an unknown god.
  1646 | D:2      | Became a worshipper of Gozag Ym Sagoz the Greedy
  2283 | D:3      | Reached XP level 4. HP: 31/38 MP: 3/3
  2429 | D:3      | Reached skill level 5 in Unarmed Combat
  3189 | D:4      | Noticed Edmund
  3189 | D:4      | Noticed Menkaure
  3221 | D:3      | Killed Edmund
  3222 | D:3      | Reached skill level 6 in Unarmed Combat
  3222 | D:3      | Reached XP level 5. HP: 22/46 MP: 0/4
  3398 | D:4      | Slain by Menkaure

Illustrated notes

Levels and vault maps discovered:
D:1:      matt_arrival_refuge, layout_basic
D:2:      minmay_door_path, layout_basic,
          hellmonk_ecumenical_altar_inner_sanctum
D:3:      layout_loops_corners
D:4:      layout_loops_cross, minmay_temple_entry_fiery, nrook_campfire,
          uniq_crazy_yiuf_cottage, uniq_edmund, uniq_menkaure, uniq_ijyb

Skill      XL: |  1  2  3  4 |
---------------+-------------+-----
Unarmed Combat | 4 6 |  6.1
Fighting       | 3 4 |  4.1
Throwing       | |  1.7
Dodging        | |  2.6

Action                   |  1- 3 |  4- 6 || total
-------------------------+-------+-------++-------
Melee: Unarmed           |   129 |    62 ||   191
       Punch             |     1 |     1 ||     2
Throw: Throwing net      |       |     3 ||     3
 Stab: Sleeping          |     1 |       ||     1
Armor: Leather armour    |    32 |     7 ||    39
Dodge: Dodged            |    67 |    24 ||    91

Table legend: (Time is in decaauts)
 A = Elapsed time spent in this place.
 B = Non-inter-level travel time spent in this place.
 C = Inter-level travel time spent in this place.
 D = Time resting spent in this place.
 E = Time spent auto-exploring this place.
 F = Levels seen in this place.
 G = Mean time per level.
                   A        B        C        D        E       F      G
               +--------+--------+--------+--------+--------+-----+--------+
         Total |   3383 |   3203 |    180 |      0 |   2814 |   4 |  845.8 |
       Dungeon |   3383 |   3203 |    180 |      0 |   2814 |   4 |  845.8 |
               +--------+--------+--------+--------+--------+-----+--------+

Top non-repeatable levels by time:
     D:1: 1257 daAuts
     D:3: 1180 daAuts
     D:2: 915 daAuts
     D:4: 30 daAuts
